 Dungeon Crawl Stone Soup version 0.28.0-43-g3370ac3207 (webtiles) character file.

Game seed: 13009155447970572103

2791 Kaptain the Digger (level 9, -8/55 HPs)
             Began as a Gargoyle Earth Elementalist on Mar 21, 2022.
             Mangled by a very large slime creature (39 damage)
             ... on level 7 of the Dungeon.
             The game lasted 00:13:17 (8377 turns).

Kaptain the Digger (Gargoyle Earth Elementalist)    Turns: 8377, Time: 00:13:18

Health: -8/55      AC: 13    Str: 12    XL:     9   Next: 71%
Magic:  10/17      EV: 12    Int: 20    God:
Gold:   451        SH:  0    Dex: 10    Spells: 15/19 levels left

rFire   . . .      SeeInvis .   s - +2 hand axe (vorpal)
rCold   . . .      Faith    .   (no shield)
rNeg    + . .      Spirit   .   a - +0 leather armour
rPois   ∞          Reflect  .   A - +1 hat
rElec   +          Harm     .   (no cloak)
rCorr   .          Rampage  .   k - +1 pair of gloves
Will    .....                   (no boots)
Stlth   ++........              (no amulet)
HPRegen 0.18/turn               (no ring)
MPRegen 0.15/turn               (no ring)

@: no status effects
A: sickness immunity, AC +6, negative energy resistance 1, electricity
resistance, torment resistance 1, petrification resistance
a: no special abilities


You were on level 7 of the Dungeon.
You visited 2 branches of the dungeon, and saw 8 of its levels.

You collected 451 gold pieces.

Inventory:

Hand Weapons
 d - a +0 hunting sling
 f - a +0 broad axe
 g - a +2 dagger of venom
 s - a +2 vorpal hand axe (weapon)
Missiles
 c - 117 stones
 D - 13 sling bullets
Armour
 a - a +0 leather armour (worn)
 k - a +1 pair of gloves (worn)
 A - a +1 hat (worn)
Wands
 x - a wand of digging (1)
Scrolls
 b - a scroll of teleportation
 h - a scroll of holy word
 j - a scroll of fear
 l - a scroll of immolation {unknown}
 n - a scroll of blinking
 o - 2 scrolls of enchant armour {unknown}
 q - a scroll of noise {unknown}
 y - a scroll of enchant weapon {unknown}
 C - a scroll of brand weapon {unknown}
Potions
 e - a potion of might
 m - a potion of mutation
 p - 2 potions of berserk rage
 r - a potion of heal wounds {unknown}
 t - a potion of ambrosia {unknown}
 u - a potion of cancellation {unknown}
 v - a potion of degeneration {unknown}
 w - a potion of lignification {unknown}
 z - a potion of invisibility {unknown}
 B - a potion of curing


   Skills:
 * Level 6.2 Fighting
 + Level 4.2 Armour
 + Level 3.6 Dodging
 - Level 2.1 Stealth
 * Level 5.6 Spellcasting
 * Level 6.2 Conjurations
 - Level 0.7 Transmutations
 * Level 7.9 Earth Magic


You had 15 spell levels left.
You knew the following spells:

 Your Spells              Type           Power      Damage    Failure   Level
a - Sandblast             Erth           74%        2d16      1%          1
b - Stone Arrow           Conj/Erth      68%        3d11      2%          3

Your spell library contained the following spells:

 Spells                   Type           Power      Damage    Failure   Level
 Passwall                 Tmut/Erth      18%        N/A       3%          2
 Petrify                  Tmut/Erth      22%        N/A       24%         4
 Gell's Gravitas          Tloc           5%         N/A       38%         3
 Lesser Beckoning         Tloc           5%         N/A       38%         3
 Teleport Other           Tloc           5%         N/A       38%         3


Dungeon Overview and Level Annotations

Branches:
Dungeon (7/15)             Temple (1/1) D:4

Altars:
Cheibriados
Elyvilon
Fedhas
Gozag
Hepliaklqana
Kikubaaqudgha
Makhleb
Nemelex Xobeh
Ru
Sif Muna
Uskayaw
Vehumet
Wu Jian
Xom
Yredelemnul
Zin
The Shining One
Beogh

Shops:
D:3 =

Annotations:
D:6 3 runed translucent doors, P0WERM0DE's ghost, novice DgIE


Innate Abilities, Weirdness & Mutations

You are immune to sickness and miasma.
Your stone body is resilient. (AC +6)
You are immune to poison.
You resist negative energy. (rN+)
You are resistant to electric shocks. (rElec)
You are resistant to unholy torment.
You are immune to petrification.


Message History

The orc wizard flickers and vanishes!
Deactivating autopickup; reactivate with Ctrl-A.
Casting: Stone Arrow (dangerous; 2% risk of failure)
Confirm with . or Enter, or press ? or * to list all spells.
Aiming: Stone Arrow (dangerous; 2% risk of failure)
Press: ? - help, Shift-Dir - straight line, f/p - very large slime creature
Aim: a very large slime creature (moderately wounded, 94% to hit)
The stone arrow hits the very large slime creature!
The very large slime creature is moderately wounded.
Casting: Stone Arrow (dangerous; 2% risk of failure)
Confirm with . or Enter, or press ? or * to list all spells.
Aiming: Stone Arrow (dangerous; 2% risk of failure)
Press: ? - help, Shift-Dir - straight line, f/p - very large slime creature
Aim: a very large slime creature (moderately wounded, 94% to hit)
The stone arrow hits the very large slime creature!
The very large slime creature is moderately wounded.
The very large slime creature misses you.
Unknown command.
You feel your willpower return.
The very large slime creature hits you!!
You open the door.
The very large slime creature closely misses you.
Found a dagger, 2 bubbling dark potions and a shortbow.
Found a potion of curing and 13 gold pieces.
There is an open door here.
A black bear comes into view.
The black bear growls angrily.
The black bear closely misses you.
The black bear claws you but does no damage.
The black bear closely misses you. The black bear barely misses you.
The black bear closely misses you. The black bear claws you.
You open the door.
The black bear bites you but does no damage.
The black bear claws you. x2
The orc wizard casts a spell.
The orc wizard flickers and vanishes!
The very large slime creature hits you!!!
Ouch! That really hurt!
You die...

........# #.....).#
#.......# #!..!!.$####
###########..........#
....o....{'o.........+
###########.)........#
###### #.o..Jh....#
.....# ######@....#
.....# ##'#### .....#
.# .....# .# .....# .#
......# +# .......#
#####oo# .o.


You could see a very large slime creature, an orc warrior, a black bear and an
orc.

Vanquished Creatures
  Joseph (D:7)
  Prince Ribbit (D:6)
  A wyvern (D:6)
  Sigmund (D:4)
  Eustachio (D:6)
  A water moccasin (D:7)
  An orc warrior (D:5)
  2 black bears (D:6)
  3 ogres
  A centaur (D:7)
  Blork the orc (D:5)
  A kobold brigand (D:6)
  2 scorpions
  A wyvern skeleton (D:5)
  2 howler monkeys
  2 centaur zombies
  4 bullfrog zombies
  3 hounds
  2 jellies (D:5)
  A gnoll shaman (D:4)
  3 iguanas
  5 orc wizards
  6 gnolls
  A howler monkey skeleton (D:5)
  3 adders
  A shadow imp (D:6)
  An adder skeleton (D:4)
  2 worms (D:2)
  2 dart slugs
  9 orcs
  8 bats
  10 endoplasms
  6 giant cockroaches
  9 goblins
  5 hobgoblins
  12 kobolds
  2 quokkas
  5 ball pythons
  5 frilled lizards
  9 rats
136 creatures vanquished.

Notes
Turn   | Place    | Note
-------+----------+-------------------------------------------
     0 | D:1      | Kaptain the Gargoyle Earth Elementalist began the quest for
                  | the Orb.
     0 | D:1      | Reached XP level 1. HP: 10/10 MP: 3/3
   259 | D:1      | Reached XP level 2. HP: 15/16 MP: 5/5
   471 | D:1      | Reached skill level 1 in Conjurations
   598 | D:1      | Reached skill level 4 in Earth Magic
   719 | D:2      | Reached XP level 3. HP: 20/20 MP: 6/6
   765 | D:2      | Reached skill level 1 in Fighting
   966 | D:2      | Reached skill level 1 in Armour
  1081 | D:2      | Found a faded altar of an unknown god.
  1681 | D:2      | Reached XP level 4. HP: 16/25 MP: 2/7
  2138 | D:3      | Found Nasiuh's Jewellery Emporium.
  2660 | D:3      | Found an ornate altar of the Wu Jian Council.
  2663 | D:3      | Found a hide-covered altar of Uskayaw.
  2666 | D:3      | Found a hazy altar of Hepliaklqana.
  2952 | D:4      | Reached XP level 5. HP: 25/30 MP: 4/9
  3304 | D:4      | Found a staircase to the Ecumenical Temple.
  3313 | Temple   | Entered the Ecumenical Temple
  3727 | D:4      | Noticed Sigmund
  3886 | D:4      | Reached XP level 6. HP: 36/36 MP: 6/10
  3924 | D:4      | Killed Sigmund
  3925 | D:4      | Reached skill level 5 in Earth Magic
  4295 | D:4      | Learned a level 3 spell: Stone Arrow
  4406 | D:4      | Reached XP level 7. HP: 41/41 MP: 4/12
  4750 | D:5      | Entered Level 5 of the Dungeon
  5367 | D:5      | Noticed Blork the orc
  5383 | D:5      | Killed Blork the orc
  5384 | D:5      | Reached XP level 8. HP: 36/48 MP: 2/14
  5515 | D:5      | Reached skill level 6 in Earth Magic
  6356 | D:5      | Found an opulent altar of Gozag.
  6440 | D:5      | Found a glowing silver altar of Zin.
  6670 | D:6      | Noticed Eustachio
  6680 | D:6      | Killed Eustachio
  6726 | D:6      | Reached skill level 5 in Conjurations
  6826 | D:6      | Reached skill level 5 in Fighting
  7093 | D:6      | Noticed a wyvern
  7098 | D:6      | Killed a wyvern
  7099 | D:6      | Reached skill level 7 in Earth Magic
  7099 | D:6      | Reached XP level 9. HP: 42/54 MP: 3/16
  7254 | D:6      | Noticed Prince Ribbit
  7257 | D:6      | Reached skill level 5 in Spellcasting
  7261 | D:6      | Killed Prince Ribbit
  7723 | D:6      | Found a runed translucent gate.
  7723 | D:6      | Found a runed translucent gate.
  7724 | D:6      | Found a runed translucent gate.
  7724 | D:6      | Noticed P0WERM0DE's ghost (novice DgIE)
  8158 | D:7      | Noticed Joseph
  8164 | D:7      | Killed Joseph
  8377 | D:7      | Mangled by a very large slime creature

Illustrated notes

Levels and vault maps discovered:
D:1:      lightli_arrival_chessboard, layout_rooms, minmay_crystal_room
D:2:      minmay_wonky_spiral, layout_loops_ring,
          chequers_ecumenical_altar_simple_redux
D:3:      layout_basic, grunt_temple_overflow_diamond, serial_shops,
          nicolae_lakefront_shop, minmay_mini_jars
D:4:      layout_basic, minmay_temple_entry_antechambers, uniq_sigmund
D:5:      layout_cave_pools, pdpol_temple_overflow_zin_treasury_gozag_greed,
          minmay_splitting_lines, uniq_blork_the_orc
D:6:      layout_basic, biasface_ghost_orc_armoury, uniq_eustachio,
          uniq_prince_ribbit1
D:7:      layout_basic, chequers_temple_overflow_statue_of_worship, uniq_joseph
Temple:   minmay_temple_bridge_abc

Skill      XL: |  1  2  3  4  5  6  7  8  9 |
---------------+----------------------------+-----
Conjurations   | 1 2 3 4 5 6 |  6.2
Earth Magic    | 4 5 7 |  7.9
Fighting       | 1 2 3 4 5 6 |  6.2
Armour         | 1 2 3 4 |  4.2
Dodging        | 2 3 |  3.6
Spellcasting   | 3 4 5 |  5.6
Stealth        | |  2.1
Transmutations | |  0.7

Action                   |  1- 3 |  4- 6 |  7- 9 || total
-------------------------+-------+-------+-------++-------
Melee: Spear             |    84 |       |       ||    84
       Punch             |     1 |     2 |     1 ||     4
       Broad axe         |    16 |    53 |       ||    69
       Hand axe          |       |    44 |   117 ||   161
 Cast: Sandblast         |    23 |    27 |    20 ||    70
       Stone Arrow       |       |     2 |    66 ||    68
  Use: Scroll            |     3 |     1 |     4 ||     8
       Potion            |       |     2 |     2 ||     4
 Stab: Sleeping          |     5 |     3 |       ||     8
Armor: Leather armour    |    48 |    30 |   105 ||   183
Dodge: Dodged            |    67 |    69 |   117 ||   253
